 Dungeon Crawl Stone Soup version 0.29-a0-284-gf9362112df (webtiles) character file.

Game seed: 17838791544547925833

24 Hubjo the Sneak (level 2, -1/21 HPs)
             Began as a Demonspawn Enchanter on Mar 23, 2022.
             Slain by an adder (3 damage)
             ... on level 2 of the Dungeon.
             The game lasted 00:01:08 (1419 turns).

Hubjo the Sneak (Demonspawn Enchanter)              Turns: 1419, Time: 00:01:09

Health: -1/21      AC:  2    Str:  8    XL:     2   Next: 79%
Magic:  5/5        EV: 12    Int: 16    God:
Gold:   60         SH:  0    Dex: 15    Spells: 5/5 levels left

rFire   . . .      SeeInvis .   k - +1 dagger (venom)
rCold   . . .      Faith    .   (no shield)
rNeg    . . .      Spirit   .   b - +0 robe
rPois   .          Reflect  .   (no helmet)
rElec   .          Harm     .   (no cloak)
rCorr   .          Rampage  .   (no gloves)
Will    .....                   (no boots)
Stlth   +++.......              (no amulet)
HPRegen 0.07/turn               (no ring)
MPRegen 0.09/turn               (no ring)

@: lethally poisoned (-1 -> -7)
A: thin skeletal structure 1
a: no special abilities


You were on level 2 of the Dungeon.
You visited 1 branch of the dungeon, and saw 2 of its levels.

You collected 60 gold pieces.

Inventory:

Hand Weapons
 a - a +1 dagger
 k - a +1 dagger of venom (weapon)
Armour
 b - a +0 robe (worn)
Jewellery
 f - a ring of flight
 h - an amulet of the acrobat
Scrolls
 d - a scroll of vulnerability {unknown}
 e - a scroll of immolation {unknown}
 g - a scroll of teleportation {unknown}
 i - 2 scrolls of magic mapping {unknown}
 j - a scroll of identify {unknown}
Potions
 c - 2 potions of invisibility
 l - a potion of might {unknown}


   Skills:
 * Level 1.4 Fighting
 - Level 0.8 Short Blades
 - Level 1.7 Dodging
 * Level 3.2 Stealth
 + Level 2.2 Spellcasting
 - Level 3.0 Hexes


You had 5 spell levels left.
You didn't know any spells.
Your spell library contained the following spells:

 Spells                   Type           Power      Damage    Failure   Level
 Ensorcelled Hibernation  Hex/Ice        12%        N/A       17%         2
 Confusing Touch          Hex            11%        N/A       19%         3
 Tukima's Dance           Hex            11%        N/A       19%         3
 Corpse Rot               Necr/Air       2%         N/A       30%         2
 Poisonous Vapours        Pois/Air       2%         N/A       30%         2
 Dazzling Flash           Conj/Hex       12%        N/A       32%         3


Dungeon Overview and Level Annotations

Branches:
Dungeon (2/15)

Altars:


Innate Abilities, Weirdness & Mutations

You have a somewhat thin skeletal structure. (Dex +2, Stealth+)


Message History

No target in view!
No target in view!
No target in view!
No target in view!
No target in view!
No target in view!
No target in view!
No target in view!
Found a whip.
There is a stone staircase leading up here.
You open the large door. 2 adders, a bat and a rat come into view.
Found 9 gold pieces, a book of Debilitation and a chain mail.
There are monsters nearby!
You closely miss the adder. The adder bites you.
The adder attacks as you move away! The adder barely misses you.
The adder bites you. The adder attacks as you move away! The adder bites you.
The adder misses you. The adder attacks as you move away!
The adder completely misses you. The adder barely misses you.
There is a stone staircase leading up here.
The adder closely misses you. The adder bites you.
You are poisoned.
The adder poisons you! The adder attacks as you move away!
The adder barely misses you.
You feel sick.
You hit the adder but do no damage.
The adder is poisoned.
You feel sick. The adder bites you.
* * * LOW HITPOINT WARNING * * *
You are lethally poisoned!
The adder poisons you!
You closely miss the adder.
* * * LOW HITPOINT WARNING * * *
You feel sick. The adder bites you.
* * * LOW HITPOINT WARNING * * *
You hit the adder but do no damage.
The adder looks as sick as possible!
* * * LOW HITPOINT WARNING * * *
You feel sick. The adder bites you.
You die...

######.##.#.######.#
#.# #$[S.'.##.#. #.#
#.# #:$b.'.##.#.
#.###.### ###.##.#.
#.....##. #...##.#.
#####..##. #.#...<#.
#...†.....
.........#r#.
#..........
.#..##.#.#S#
+.......... #.#
#...#@# #..........
... #####.#
#.......... #. ).#
#.......... ####
#..........
#..........


You could see an adder (extremely poisoned) and a rat.

Vanquished Creatures
  An endoplasm (D:1)
  3 hobgoblins
  2 kobolds (D:1)
  2 quokkas (D:1)
  4 ball pythons
  2 frilled lizards
  7 goblins (D:1)
  A rat (D:1)
22 creatures vanquished.

Notes
Turn   | Place    | Note
-------+----------+-------------------------------------------
     0 | D:1      | Hubjo the Demonspawn Enchanter began the quest for the Orb.
     0 | D:1      | Reached XP level 1. HP: 13/13 MP: 3/3
   445 | D:1      | Gained mutation: You have a somewhat thin skeletal
                  | structure. (Dex +2, Stealth+) [demonic ancestry]
   445 | D:1      | Reached XP level 2. HP: 8/20 MP: 5/5
   806 | D:1      | Reached skill level 1 in Fighting
  1419 | D:2      | Slain by an adder

Illustrated notes

Levels and vault maps discovered:
D:1:      eino_arrival_cavern_a, layout_loops_ring
D:2:      layout_basic, minmay_mini_jars, uniq_natasha

Skill      XL: |  1  2 |
---------------+-------+-----
Stealth        | 3 |  3.2
Fighting       | 1 |  1.4
Short Blades   | |  0.8
Dodging        | |  1.7
Spellcasting   | |  2.2
Hexes          | |  3.0

Action                   || total
-------------------------++-------
Melee: Dagger            ||    68
       Punch             ||     1
 Stab: Sleeping          ||    10
Armor: Robe              ||     4
Dodge: Dodged            ||    41

Table legend: (Time is in decaauts)
 A = Elapsed time spent in this place.
 B = Non-inter-level travel time spent in this place.
 C = Inter-level travel time spent in this place.
 D = Time resting spent in this place.
 E = Time spent auto-exploring this place.
 F = Levels seen in this place.
 G = Mean time per level.
                   A        B        C        D        E       F      G
               +--------+--------+--------+--------+--------+-----+--------+
         Total |   1415 |   1415 |      0 |      0 |   1174 |   2 |  707.5 |
       Dungeon |   1415 |   1415 |      0 |      0 |   1174 |   2 |  707.5 |
               +--------+--------+--------+--------+--------+-----+--------+

Top non-repeatable levels by time:
     D:1: 1315 daAuts
     D:2: 99 daAuts
